 Dungeon Crawl Stone Soup version 0.21.1-1-g345015f (webtiles) character file.

9507 sking99 the Grappler (level 11, -14/109 HPs)
             Began as a Troll Fighter on June 24, 2018.
             Was a High Priest of Ru.
             Demolished by a shadow (29 damage)
             ... on level 11 of the Dungeon.
             The game lasted 00:27:11 (9476 turns).

sking99 the Grappler (Troll Fighter)                Turns: 9476, Time: 00:27:13

Health: -14/109    AC:  6    Str: 26    XL:     11   Next: 23%
Magic:  6/10       EV: 13    Int:  8    God:    Ru [*****.]
Gold:   612        SH: 15    Dex: 12    Spells: 10/10 levels left

rFire    . . .     SeeInvis .     - Unarmed
rCold    x . .     Gourm    +   b - +0 shield
rNeg     . . .     Faith    .   a - +0 robe
rPois    .         Spirit   .   (helmet restricted)
rElec    .         Reflect  +   q - +0 cloak
rCorr    .         Harm     .   (gloves unavailable)
MR       .....                  (boots unavailable)
Stlth    ++........             l - +4 amulet of reflection
HPRegen  0.68/turn              i - ring of protection from fire
MPRegen  0.12/turn              n - +4 ring of intelligence

@: lethally poisoned (-14 -> -14), exhausted, barbed spikes
A: large, unfitting armour, claws 3, fast metabolism 3, gourmand, regeneration
1, shaggy fur 1, tough skin 2, inexperienced 1, temperature sensitive
a: Draw Out Power, Power Leap, Apocalypse, Renounce Religion


You were on level 11 of the Dungeon.
You worshipped Ru.
Ru was extremely pleased with you.
You were very full.

You visited 2 branches of the dungeon, and saw 12 of its levels.
You also visited: Ossuary.

You collected 612 gold pieces.

Inventory:

Missiles
 f - 207 stones (quivered)
 k - 9 large rocks
 y - 3 throwing nets
Armour
 a - a +0 robe (worn)
 b - a +0 shield (worn)
 q - a +0 cloak (worn)
Jewellery
 i - a ring of protection from fire (left claw)
 l - a +4 amulet of reflection (around neck)
 n - a +4 ring of intelligence (right claw)
 t - an uncursed ring of magical power
 G - an uncursed ring of flight {unknown}
 L - an uncursed amulet of magic regeneration {unknown}
Wands
 z - a wand of enslavement (12)
 I - a wand of digging (22)
 J - a wand of random effects (19)
Scrolls
 e - 4 scrolls of identify
 g - a scroll of blinking
 h - 2 scrolls of fog {unknown}
 p - 2 scrolls of fear
 r - 6 scrolls of teleportation
 v - 2 scrolls of silence {unknown}
 A - a scroll of enchant weapon {unknown}
 B - 2 scrolls of noise {unknown}
 C - 4 scrolls of random uselessness {unknown}
 E - a scroll of summoning {unknown}
 F - 2 scrolls of remove curse
 N - a scroll of magic mapping
Potions
 c - 2 potions of might
 j - 3 potions of brilliance {unknown}
 m - 4 potions of flight
 o - a potion of lignification
 s - a potion of heal wounds {unknown}
 u - 6 potions of curing
 w - 6 potions of haste
 x - 3 potions of agility {unknown}
 D - 2 potions of mutation {unknown}
 H - a potion of invisibility {unknown}
Books
 K - a book of Callings

   Spells                             Type                      Level
   a - Summon Small Mammal            Summoning                    1
   b - Call Imp                       Summoning                    2
   c - Call Canine Familiar           Summoning                    3
   d - Summon Guardian Golem          Hexes/Summoning              3
   e - Summon Lightning Spire         Summoning/Air                4
   f - Summon Ice Beast               Ice/Summoning                4
 O - a book of Transfigurations

   Spells                             Type                      Level
   a - Irradiate                      Conjuration/Transmutation    5
   b - Statue Form                    Transmutation/Earth          6
   c - Hydra Form                     Transmutation                6
   d - Dragon Form                    Transmutation                7
Comestibles
 d - 19 rations
 M - 9 chunks of flesh


   Skills:
 - Level 7.6 Fighting
 + Level 5.4 Throwing
 - Level 7.6 Dodging
 - Level 1.5 Stealth
 - Level 9.0 Shields
 - Level 10.1 Unarmed Combat


You had 10 spell levels left.
You didn't know any spells.

Dungeon Overview and Level Annotations

Branches:
Dungeon (11/15)            Temple (1/1) D:6            Lair (0/6) D:9
    Orc (0/2) D:11

Altars:
Ashenzari
Cheibriados
Dithmenos
Elyvilon
Fedhas
Gozag
Hepliaklqana
Kikubaaqudgha
Makhleb
Nemelex Xobeh
Okawaru
Qazlal
Ru
Sif Muna
Trog
Uskayaw
Vehumet
Wu Jian
Yredelemnul
Zin
The Shining One

Shops:
D:9 (


Innate Abilities, Weirdness & Mutations

You are too large for most types of armour.
You have claws for hands.
Your metabolism is lightning-fast.
You like to eat raw meat.
Your natural rate of healing is unusually fast.
You are covered in fur. (AC +1)
You have very tough skin. (AC +2)
You are somewhat inexperienced. (-2 XL)
You are sensitive to extremes of temperature. (rF-, rC-)


Message History

You scratch the worker ant.
The worker ant is lightly wounded.
The worker ant misses you.
The centaur wields a shortbow.
The centaur shoots an arrow.
The arrow barely misses you.
You barely miss the worker ant.
The worker ant is lightly wounded.
The shadow strikes at you from the darkness!
The worker ant bites you.
* * * LOW HITPOINT WARNING * * *
You are poisoned.
The worker ant poisons you!
You focus your will and blind the worker ant in retribution!
The centaur shoots an arrow.
The arrow barely misses you.
You catch the helpless worker ant completely off-guard!
You scratch the worker ant but do no damage.
The worker ant is lightly wounded.
You feel sick.
The centaur shoots an arrow.
The arrow hits you.
* * * LOW HITPOINT WARNING * * *
The shadow strikes at you from the darkness!
You die...

.# .# #...c. #....
##.# #...# ...# #...#
#### #...# #..?#####
#############........
#.........(.)@..# #
#.###########a.## #
#.# #..... # #.#
#.o..... ## #[#
##..#### .###.# ..#
.....# ..# .##### ...
.#


You could see a centaur, a worker ant (blind) and an orc.

Vanquished Creatures
  7 two-headed ogres
  The ghost of Rwicked the Bludgeoner, a novice MiBe of Trog (D:8)
  A wizard (D:10)
  A cyclops (D:9)
  A manticore (D:9)
  Joseph (D:8)
  A centaur skeleton (D:10)
  The ghost of Ramesses the Cudgeler, an amateur DsCK of Xom (D:4)
  Grinder (D:5)
  Prince Ribbit (D:6)
  A spriggan (D:7)
  Sigmund (D:6)
  Eustachio (D:6)
  3 hungry ghosts
  Edmund (D:5)
  2 wargs (D:9)
  2 orc warriors (D:9)
  2 phantoms
  4 sky beasts
  2 ice beasts
  2 black bears
  A necrophage (D:9)
  2 eyes of draining
  7 centaurs
  5 ogres
  Blork the orc (D:6)
  9 bullfrogs
  2 big kobolds
  A wyvern zombie (D:6)
  A water moccasin zombie (D:8)
  A water moccasin skeleton (D:9)
  19 killer bees
  5 wights (D:9)
  3 electric eels (D:10)
  6 howler monkeys
  3 crimson imps
  A bullfrog zombie (D:6)
  A centaur zombie (D:7)
  4 orc wizards
  A quasit (D:9)
  A human zombie (Ossuary)
  2 orc priests
  A gnoll shaman (D:7)
  12 hounds
  3 jellies
  A bullfrog skeleton (D:10)
  12 worker ants
  6 iguanas
  2 big kobold zombies (Ossuary)
  3 hound skeletons
  5 mummies
  9 gnolls
  9 adders
  3 adder skeletons
  4 worms (D:3)
  2 dart slugs (D:1)
  4 leopard geckos
  25 orcs
  2 ball pythons
  5 giant cockroaches
  2 gnoll zombies (Ossuary)
  11 goblins
  10 hobgoblins
  11 jackals
  13 kobolds
  4 quokkas
  8 bats
  6 frilled lizards
  A goblin zombie (Ossuary)
  A hobgoblin zombie (Ossuary)
  A jackal zombie (D:8)
  A kobold zombie (D:7)
  2 orc zombies
  A quokka skeleton (D:6)
  2 quokka zombies
  9 rats
304 creatures vanquished.

Vanquished Creatures (others)
  2 manticores (D:11)
  3 centaurs
  A howler monkey skeleton (D:11)
  An adder zombie (D:8)
  4 plants (D:5)
11 creatures vanquished.

Grand Total: 315 creatures vanquished

Notes
Turn   | Place    | Note
-------+----------+-------------------------------------------
     0 | D:1      | sking99 the Troll Fighter began the quest for the Orb.
     0 | D:1      | Reached XP level 1. HP: 22/22 MP: 0/0
   146 | D:1      | Reached XP level 2. HP: 29/29 MP: 1/1
   769 | D:2      | Reached skill level 3 in Unarmed Combat
   911 | D:2      | Found a blossoming altar of Fedhas.
   982 | D:2      | Reached XP level 3. HP: 36/36 MP: 2/2
  1041 | D:2      | Reached skill level 4 in Unarmed Combat
  1326 | D:2      | Reached XP level 4. HP: 43/44 MP: 3/3
  1462 | D:2      | Found an iron altar of Okawaru.
  2049 | D:3      | Reached skill level 5 in Unarmed Combat
  2262 | D:3      | Found a deep blue altar of Sif Muna.
  2457 | D:4      | Reached XP level 5. HP: 50/50 MP: 4/4
  2495 | D:4      | Noticed Ramesses's ghost (amateur DsCK)
  2521 | D:4      | Killed Ramesses's ghost
  2521 | D:4      | Reached skill level 6 in Unarmed Combat
  2521 | D:4      | Reached XP level 6. HP: 20/59 MP: 5/5
  2702 | D:4      | Reached skill level 7 in Unarmed Combat
  2733 | D:4      | Reached XP level 7. HP: 48/66 MP: 6/6
  2760 | D:4      | Reached skill level 1 in Stealth
  2943 | D:4      | Reached skill level 8 in Unarmed Combat
  3115 | D:5      | Entered Level 5 of the Dungeon
  3160 | D:5      | Noticed Grinder
  3176 | D:5      | Killed Grinder
  3176 | D:5      | Reached skill level 9 in Unarmed Combat
  3176 | D:5      | Reached XP level 8. HP: 61/74 MP: 7/7
  3367 | D:5      | Noticed Edmund
  3378 | D:5      | Killed Edmund
  3611 | D:5      | Reached skill level 10 in Unarmed Combat
  4151 | D:6      | Noticed Sigmund
  4152 | D:6      | Found a staircase to the Ecumenical Temple.
  4162 | D:6      | Killed Sigmund
  4170 | Temple   | Entered the Ecumenical Temple
  4363 | Temple   | Became a worshipper of Ru the Awakened
  4415 | D:6      | Noticed Prince Ribbit
  4426 | D:6      | Killed Prince Ribbit
  4538 | D:6      | Reached XP level 9. HP: 83/83 MP: 8/8
  4564 | D:6      | Noticed Eustachio
  4582 | D:6      | Killed Eustachio
  4638 | D:6      | Noticed Blork the orc
  4646 | D:6      | Killed Blork the orc
  5163 | D:7      | Found a burning altar of Makhleb.
  5209 | D:7      | Found a sand-covered staircase.
  5234 | Ossuary  | Entered an ossuary
  5508 | D:7      | Gained mutation: You are sensitive to extremes of temperature. (rF-, rC-) [Ru sacrifice]
  5508 | D:7      | Reached * piety under Ru
  5508 | D:7      | Reached ** piety under Ru
  5531 | D:7      | Reached skill level 5 in Dodging
  5534 | D:7      | Reached skill level 5 in Shields
  5535 | D:7      | Reached skill level 5 in Fighting
  5934 | D:8      | Noticed Rwicked's ghost (novice MiBe)
  5953 | D:8      | Killed Rwicked's ghost
  5953 | D:8      | Reached XP level 10. HP: 66/97 MP: 9/9
  6075 | D:8      | Noticed a two-headed ogre
  6091 | D:8      | Killed a two-headed ogre
  6507 | D:8      | Noticed a two-headed ogre
  6517 | D:8      | Killed a two-headed ogre
  6606 | D:8      | Noticed Joseph
  6615 | D:8      | Killed Joseph
  7192 | D:9      | Found a shimmering altar of Xom.
  7195 | D:9      | Found a shimmering altar of Xom.
  7223 | D:9      | Found Keruoh's Antique Weapon Shoppe.
  7307 | D:9      | Noticed a manticore
  7318 | D:9      | Killed a manticore
  7318 | D:9      | Reached XP level 11. HP: 47/109 MP: 10/10
  7330 | D:9      | Gained mutation: You are somewhat inexperienced. (-2 XL) [Ru sacrifice]
  7330 | D:9      | Reached XP level 10. HP: 54/102 MP: 9/9
  7330 | D:9      | Reached XP level 9. HP: 54/93 MP: 8/8
  7330 | D:9      | Reached *** piety under Ru
  7330 | D:9      | Reached **** piety under Ru
  7330 | D:9      | Reached ***** piety under Ru
  7458 | D:9      | Noticed a two-headed ogre
  7466 | D:9      | Noticed a cyclops
  7472 | D:9      | Killed a two-headed ogre
  7480 | D:9      | Killed a cyclops
  7799 | D:9      | Reached XP level 10. HP: 102/102 MP: 9/9
  7915 | D:9      | Found a staircase to the Lair.
  8321 | D:10     | Entered Level 10 of the Dungeon
  8370 | D:10     | Noticed a two-headed ogre
  8375 | D:10     | Noticed a two-headed ogre
  8381 | D:10     | Killed a two-headed ogre
  8381 | D:10     | Reached skill level 1 in Throwing
  8391 | D:10     | Killed a two-headed ogre
  8479 | D:10     | Noticed a wizard
  8514 | D:10     | Killed a wizard
  9078 | D:11     | Found a staircase to the Orcish Mines.
  9225 | D:11     | Reached XP level 11. HP: 108/109 MP: 10/10
  9247 | D:11     | Noticed a two-headed ogre
  9250 | D:11     | Noticed a two-headed ogre
  9264 | D:11     | Killed a two-headed ogre
  9272 | D:11     | Killed a two-headed ogre
  9320 | D:11     | Reached skill level 5 in Throwing
  9476 | D:11     | Demolished by a shadow

Skill      XL: |  1  2  3  4  5  6  7  8  9 10 11 |
---------------+----------------------------------+-----
Unarmed Combat | 3 4 5 6 7 9 10 | 10.1
Stealth        | 1 |  1.5
Fighting       | 3 5 7 |  7.6
Dodging        | 3 5 7 |  7.6
Shields        | 3 5 9 |  9.0
Throwing       | 3 5 |  5.4

Action                   |  1- 3 |  4- 6 |  7- 9 | 10-12 || total
-------------------------+-------+-------+-------+-------++-------
Melee: Unarmed           |    83 |   122 |   407 |   391 ||  1003
Throw: Stone             |       |       |       |     2 ||     2
       Large rock        |       |       |       |     1 ||     1
Invok: Draw Out Power    |       |       |     1 |     2 ||     3
       Sacrifice Experie |       |       |     1 |       ||     1
       Sacrifice Resista |       |       |     1 |       ||     1
       Apocalypse        |       |       |       |     1 ||     1
       Power Leap        |       |       |       |     1 ||     1
  Use: Potion            |       |     3 |     2 |     2 ||     7
       Scroll            |       |       |     8 |       ||     8
 Stab: Sleeping          |       |     1 |     1 |     3 ||     5
       Invisible         |       |       |       |     3 ||     3
       Distracted        |       |       |       |     1 ||     1
  Eat: Chunk             |    18 |    12 |    34 |    41 ||   105
Armor: Robe              |    68 |    27 |    57 |    34 ||   186
       Skin              |       |       |    25 |    12 ||    37
Dodge: Dodged            |    38 |    30 |   101 |    97 ||   266
Block: Shield            |    49 |    33 |   156 |   213 ||   451
       Reflection        |       |       |     4 |    15 ||    19
